TOP OF THE 1ST |
Kansas City Royals batting - Pitching for Minnesota Twins : RHP Gerbrand van de Bilt
|
Pitching: RHP Gerbrand van de Bilt
|
|
Batting: SHB Tony Prado
|
0-0: Ball 1-0: Foul Ball, location: 2F 1-1: Ball 2-1: Ball 3-1: Base on Balls
|
Batting: RHB Yuichi Takata
|
0-0: Called Strike 0-1: Grounds into double play, 4-6-3 (Groundball, 4, EV 101.9 MPH)
|
Batting: RHB Mike Jaquez
|
0-0: Ball 1-0: Ball 2-0: Foul Ball, location: 2F 2-1: SOLO HOME RUN (Flyball, 78XD, EV 103.8 MPH), Distance : 409 ft
|
Batting: LHB Bill Baconneck
|
0-0: Ball 1-0: Ground out 5-3 (Groundball, 6, EV 105.6 MPH)
|
Top of the 1st over - 1 run, 1 hit, 0 errors, 0 left on base; Kansas City 1 - Minnesota 0 |
BOTTOM OF THE 1ST |
Minnesota Twins batting - Pitching for Kansas City Royals : RHP Gan Ts'ong
|
Pitching: RHP Gan Ts'ong
|
|
Batting: LHB Peer Derks
|
0-0: Called Strike 0-1: Foul Ball, location: 2F 0-2: Foul Ball, location: 2F 0-2: Strikes out swinging
|
Batting: LHB Alejandro Soriano
|
0-0: Swinging Strike 0-1: Swinging Strike 0-2: Strikes out looking
|
Batting: LHB Helge Jivotovsky
|
0-0: SOLO HOME RUN (Flyball, 9LD, EV 96.2 MPH), Distance : 359 ft
|
Batting: RHB Hildo Pot
|
0-0: Ball 1-0: Ground out 6-3 (Groundball, 6, EV 106.9 MPH)
|
Bottom of the 1st over - 1 run, 1 hit, 0 errors, 0 left on base; Kansas City 1 - Minnesota 1 |
TOP OF THE 2ND |
Kansas City Royals batting - Pitching for Minnesota Twins : RHP Gerbrand van de Bilt
|
Batting: SHB Gil Switzer
|
0-0: Foul Ball, location: 2F 0-1: Fly out, F8 (Flyball, 78M, EV 73.1 MPH)
|
Batting: LHB Manny Estrada
|
0-0: Called Strike 0-1: Ball 1-1: Foul Ball, location: 2F 1-2: Fly out, F8 (Flyball, 8LD, EV 99.4 MPH)
|
Batting: LHB Sam Britt
|
0-0: Swinging Strike 0-1: Foul Ball, location: 2F 0-2: Strikes out swinging
|
Top of the 2nd over - 0 runs, 0 hits, 0 errors, 0 left on base; Kansas City 1 - Minnesota 1 |
BOTTOM OF THE 2ND |
Minnesota Twins batting - Pitching for Kansas City Royals : RHP Gan Ts'ong
|
Batting: RHB Matthew Starr
|
0-0: Ball 1-0: Ground out 5-3 (Groundball, 5S, EV 71.9 MPH)
|
Batting: RHB José Molina
|
0-0: Swinging Strike 0-1: Ball 1-1: Swinging Strike 1-2: Ground out 5-3 (Groundball, 56S, EV 83.1 MPH)
|
Batting: RHB Mike Quackenbush
|
0-0: Called Strike 0-1: Ground out 5-3 (Groundball, 5D, EV 101.9 MPH)
|
Bottom of the 2nd over - 0 runs, 0 hits, 0 errors, 0 left on base; Kansas City 1 - Minnesota 1 |
TOP OF THE 3RD |
Kansas City Royals batting - Pitching for Minnesota Twins : RHP Gerbrand van de Bilt
|
Batting: LHB Zion Davidson
|
0-0: Called Strike 0-1: Ball 1-1: Foul Ball, location: 2F 1-2: Ball 2-2: Strikes out swinging
|
Batting: RHB Mikolas Markus
|
0-0: Called Strike 0-1: Ground out 4-3 (Groundball, 4M, EV 83.1 MPH)
|
Batting: SHB Tony Prado
|
0-0: Swinging Strike 0-1: Swinging Strike 0-2: Strikes out looking
|
Top of the 3rd over - 0 runs, 0 hits, 0 errors, 0 left on base; Kansas City 1 - Minnesota 1 |
BOTTOM OF THE 3RD |
Minnesota Twins batting - Pitching for Kansas City Royals : RHP Gan Ts'ong
|
Batting: RHB Alex Sandoval
|
0-0: Ball 1-0: Called Strike 1-1: Ball 2-1: Fly out, F8 (Flyball, 8LD, EV 76.9 MPH)
|
Batting: RHB Danny Eberhart
|
0-0: Ball 1-0: Ball 2-0: Ball 3-0: DOUBLE (Line Drive, 9LD, EV 103.8 MPH)
|
Batting: LHB Peer Derks
|
0-0: Fly out, F8 (Line Drive, 8RD, EV 90.0 MPH) Runner from 2nd tags up, OUT at 3rd! 8-5
|
Bottom of the 3rd over - 0 runs, 1 hit, 0 errors, 0 left on base; Kansas City 1 - Minnesota 1 |
TOP OF THE 4TH |
Kansas City Royals batting - Pitching for Minnesota Twins : RHP Gerbrand van de Bilt
|
Batting: RHB Yuichi Takata
|
0-0: Ground out 6-3 (Groundball, 6, EV 76.9 MPH)
|
Batting: RHB Mike Jaquez
|
0-0: Swinging Strike 0-1: Ball 1-1: Swinging Strike 1-2: Ground out 4-3 (Groundball, 34, EV 105.0 MPH)
|
Batting: LHB Bill Baconneck
|
0-0: Foul Ball, location: 2F 0-1: Ball 1-1: Called Strike 1-2: Foul Ball, location: 2F 1-2: Foul Ball, location: 2F 1-2: Hit by Pitch
|
Batting: SHB Gil Switzer
|
0-0: Called Strike 0-1: Called Strike 0-2: Ball 1-2: Strikes out swinging
|
Top of the 4th over - 0 runs, 0 hits, 0 errors, 1 left on base; Kansas City 1 - Minnesota 1 |
BOTTOM OF THE 4TH |
Minnesota Twins batting - Pitching for Kansas City Royals : RHP Gan Ts'ong
|
Batting: LHB Alejandro Soriano
|
0-0: Ball 1-0: Called Strike 1-1: Ball 2-1: Fly out, F9 (Flyball, 9D, EV 85.0 MPH)
|
Batting: LHB Helge Jivotovsky
|
0-0: Ground out U3 (Groundball, 3L, EV 107.5 MPH)
|
Batting: RHB Hildo Pot
|
0-0: Ball 1-0: Ball 2-0: Ball 3-0: Called Strike 3-1: SINGLE (Line Drive, 7S, EV 106.2 MPH)
|
Batting: RHB Matthew Starr
|
0-0: Foul Ball, location: 2F 0-1: Called Strike 0-2: Strikes out looking
|
Bottom of the 4th over - 0 runs, 1 hit, 0 errors, 1 left on base; Kansas City 1 - Minnesota 1 |
TOP OF THE 5TH |
Kansas City Royals batting - Pitching for Minnesota Twins : RHP Gerbrand van de Bilt
|
Batting: LHB Manny Estrada
|
0-0: Ball 1-0: Called Strike 1-1: Swinging Strike 1-2: Strikes out swinging
|
Batting: LHB Sam Britt
|
0-0: SINGLE (Groundball, 3D, EV 96.9 MPH)
|
Batting: LHB Zion Davidson
|
0-0: Called Strike 0-1: Swinging Strike 0-2: Strikes out swinging
|
Batting: RHB Mikolas Markus
|
0-0: Ball 1-0: Called Strike 1-1: Foul Ball, location: 2F 1-2: SINGLE (Flyball, 56D, EV 88.8 MPH) Sam Britt to second
|
Batting: SHB Tony Prado
|
0-0: Called Strike 0-1: Foul Ball, location: 2F 0-2: Strikes out swinging, 2-3 out at first.
|
Top of the 5th over - 0 runs, 2 hits, 0 errors, 2 left on base; Kansas City 1 - Minnesota 1 |
BOTTOM OF THE 5TH |
Minnesota Twins batting - Pitching for Kansas City Royals : RHP Gan Ts'ong
|
Batting: RHB José Molina
|
0-0: Ball 1-0: Ball 2-0: Fly out, F8 (Flyball, 8RM, EV 90.6 MPH)
|
Batting: RHB Mike Quackenbush
|
0-0: Foul Ball, location: 2F 0-1: Called Strike 0-2: Ball 1-2: Fly out, F9 (Flyball, 9LM, EV 75.6 MPH)
|
Batting: RHB Alex Sandoval
|
0-0: SINGLE (Line Drive, 89S, EV 105.0 MPH)
|
Batting: RHB Danny Eberhart
|
0-0: Called Strike Alex Sandoval is caught stealing 2nd base 2-4
|
Bottom of the 5th over - 0 runs, 1 hit, 0 errors, 0 left on base; Kansas City 1 - Minnesota 1 |
TOP OF THE 6TH |
Kansas City Royals batting - Pitching for Minnesota Twins : RHP Gerbrand van de Bilt
|
Batting: RHB Yuichi Takata
|
0-0: Called Strike 0-1: Ball 1-1: Swinging Strike 1-2: SINGLE (Groundball, 25, EV 76.2 MPH) (infield hit)
|
Batting: RHB Mike Jaquez
|
0-0: Ball 1-0: Ball 2-0: Called Strike Yuichi Takata is caught stealing 2nd base 2-4 2-1: Foul Ball, location: 2F 2-2: Strikes out swinging
|
Batting: LHB Bill Baconneck
|
0-0: Foul Ball, location: 2F 0-1: Called Strike 0-2: Strikes out swinging
|
Top of the 6th over - 0 runs, 1 hit, 0 errors, 0 left on base; Kansas City 1 - Minnesota 1 |
BOTTOM OF THE 6TH |
Minnesota Twins batting - Pitching for Kansas City Royals : RHP Gan Ts'ong
|
Batting: RHB Danny Eberhart
|
0-0: Ball 1-0: SINGLE (Flyball, 8LS, EV 96.2 MPH)
|
Batting: LHB Peer Derks
|
0-0: Called Strike 0-1: Called Strike 0-2: Foul Ball, location: 2F 0-2: SINGLE (Groundball, 56D, EV 94.4 MPH) Danny Eberhart to second Runner from 2nd tries for 3rd, SAFE, throw by LF made to third Peer Derks to second
|
Batting: LHB Alejandro Soriano
|
0-0: Ball 1-0: SINGLE (Line Drive, 7LS, EV 88.1 MPH) Danny Eberhart scores Peer Derks to third Runner from 3rd tries for Home, SAFE, throw by LF to home
|
Batting: LHB Helge Jivotovsky
|
0-0: Called Strike 0-1: Ball 1-1: Grounds into double play, 4-6-3 (Groundball, 34, EV 106.9 MPH)
|
Batting: RHB Hildo Pot
|
0-0: Called Strike 0-1: Ball 1-1: Ball 2-1: SOLO HOME RUN (Flyball, 7D, EV 95.6 MPH), Distance : 378 ft
|
Batting: RHB Matthew Starr
|
0-0: Called Strike 0-1: Called Strike 0-2: Foul Ball, location: 2F 0-2: Foul Ball, location: 2F 0-2: Ground out 4-3 (Groundball, 4, EV 90.6 MPH)
|
Bottom of the 6th over - 3 runs, 4 hits, 0 errors, 0 left on base; Kansas City 1 - Minnesota 4 |
TOP OF THE 7TH |
Kansas City Royals batting - Pitching for Minnesota Twins : RHP Gerbrand van de Bilt
|
Batting: SHB Gil Switzer
|
0-0: Ball 1-0: Called Strike 1-1: Foul Ball, location: 2F 1-2: Ball 2-2: Foul Ball, location: 2F 2-2: Ball 3-2: Foul Ball, location: 2F 3-2: Base on Balls
|
Batting: LHB Manny Estrada
|
0-0: Called Strike 0-1: Ball 1-1: Ball 2-1: Called Strike 2-2: Ball 3-2: Strikes out swinging
|
Batting: LHB Sam Britt
|
0-0: Ball 1-0: Foul Ball, location: 2F 1-1: Ball 2-1: Fly out, F9 (Line Drive, 9, EV 89.4 MPH)
|
Batting: LHB Zion Davidson
|
0-0: Ball 1-0: Called Strike 1-1: Fielders Choice at 2nd, 6-4 (Groundball, 6, EV 100.6 MPH)
|
Top of the 7th over - 0 runs, 0 hits, 0 errors, 1 left on base; Kansas City 1 - Minnesota 4 |
BOTTOM OF THE 7TH |
Minnesota Twins batting - Pitching for Kansas City Royals : RHP Gan Ts'ong
|
Batting: RHB José Molina
|
0-0: Foul Ball, location: 2F 0-1: Fly out, F9 (Flyball, 9S, EV 84.4 MPH)
|
Batting: RHB Mike Quackenbush
|
0-0: SINGLE (Line Drive, 34D, EV 98.8 MPH)
|
Batting: RHB Alex Sandoval
|
0-0: Ball 1-0: Foul Ball, location: 2F 1-1: Ball 2-1: Swinging Strike 2-2: Ball Mike Quackenbush steals 2nd base (no throw) 3-2: Strikes out swinging
|
Batting: RHB Danny Eberhart
|
0-0: Called Strike 0-1: Fly out, F8 (Flyball, 8LD, EV 96.2 MPH)
|
Bottom of the 7th over - 0 runs, 1 hit, 0 errors, 1 left on base; Kansas City 1 - Minnesota 4 |
TOP OF THE 8TH |
Kansas City Royals batting - Pitching for Minnesota Twins : RHP Gerbrand van de Bilt
|
Batting: RHB Mikolas Markus
|
0-0: Ball 1-0: Ball 2-0: Ball 3-0: Called Strike 3-1: Base on Balls
|
Batting: SHB Tony Prado
|
0-0: Called Strike 0-1: Ball 1-1: Called Strike 1-2: Ball 2-2: Ball 3-2: Strikes out looking
|
Pinch Hitting: LHB Justin Rupert
|
0-0: Called Strike 0-1: DOUBLE (Line Drive, 3D, EV 94.4 MPH) Mikolas Markus to third
|
Batting: RHB Mike Jaquez
|
0-0: Called Strike 0-1: Ball 1-1: Foul Ball, location: 2F 1-2: Foul Ball, location: 2F 1-2: Foul Ball, location: 2F 1-2: Foul Ball, location: 2F 1-2: Strikes out swinging
|
Batting: LHB Bill Baconneck
|
0-0: Ball 1-0: Called Strike 1-1: Ball 2-1: Foul Ball, location: 2F 2-2: Foul Ball, location: 2F 2-2: Ball 3-2: Foul Ball, location: 2F 3-2: Base on Balls
|
Pitching: RHP Jimmy Seager
|
|
Pinch Hitting: LHB Mike Meyerhoff
|
0-0: Ball 1-0: Called Strike 1-1: Ground out 6-3 (Groundball, 4M, EV 99.4 MPH)
|
Top of the 8th over - 0 runs, 1 hit, 0 errors, 3 left on base; Kansas City 1 - Minnesota 4 |
BOTTOM OF THE 8TH |
Minnesota Twins batting - Pitching for Kansas City Royals : RHP Gan Ts'ong
|
Now at SS: Mike Meyerhoff
|
|
Now in RF: Imbart Faber
|
|
Batting: LHB Peer Derks
|
0-0: Ball 1-0: Fly out, F8 (Flyball, 8LM, EV 73.1 MPH)
|
Batting: LHB Alejandro Soriano
|
0-0: Ball 1-0: Ball 2-0: Foul Ball, location: 2F 2-1: Ball 3-1: Fly out, F7 (Flyball, 7S, EV 91.9 MPH)
|
Batting: LHB Helge Jivotovsky
|
0-0: Ball 1-0: Ball 2-0: Called Strike 2-1: Ball 3-1: Base on Balls
|
Pitching: RHP Josh Moncada
|
|
Batting: RHB Hildo Pot
|
0-0: Ball 1-0: Swinging Strike 1-1: Fly out, F8 (Flyball, 8RXD, EV 103.8 MPH)
|
Bottom of the 8th over - 0 runs, 0 hits, 0 errors, 1 left on base; Kansas City 1 - Minnesota 4 |
TOP OF THE 9TH |
Kansas City Royals batting - Pitching for Minnesota Twins : RHP Jimmy Seager
|
Pitching: RHP Mark Case
|
|
Now at 1B: Kevin Howard
|
|
Batting: LHB Manny Estrada
|
0-0: Ball 1-0: SOLO HOME RUN (Line Drive, 78XD, EV 100.0 MPH), Distance : 415 ft
|
Batting: LHB Sam Britt
|
0-0: Ball 1-0: Hit by Pitch
|
Pinch Runner at 1st Aaron Matthews:
|
|
Batting: LHB Zion Davidson
|
0-0: Called Strike 0-1: Ball 1-1: Ball 2-1: Fly out, F5 (Popup, 15, EV 79.4 MPH)
|
Batting: RHB Mikolas Markus
|
0-0: Swinging Strike 0-1: Ball 1-1: Ball 2-1: Called Strike 2-2: Foul Ball, location: 2F 2-2: Grounds into double play, 6-4-3 (Groundball, 6, EV 90.6 MPH)
|
Top of the 9th over - 1 run, 1 hit, 0 errors, 0 left on base; Kansas City 2 - Minnesota 4 |
|